 Dungeon Crawl Stone Soup version 0.31-a0-1178-gc5c9b8f871 (webtiles) character file.

Game seed: 10990273340878497775

13133 Lobster4 the Skirmisher (level 12, -2/95 HPs)
             Began as a Human Hunter on Dec 11, 2023.
             Was an Elder of Nemelex Xobeh.
             Slain by an ettin
             ... wielding a +0 dire flail
              (14 damage)
             ... on level 10 of the Dungeon.
             The game lasted 00:43:08 (13981 turns).

Lobster4 the Skirmisher (Human Hunter)             Turns: 13981, Time: 00:43:08

Health: -2/95      AC: 16    Str: 15    XL:     12   Next: 28%
Magic:  16/16      EV: 11    Int: 10    God:    Nemelex Xobeh [****..]
Gold:   382        SH:  0    Dex: 21    Spells: 15/17 levels left

rFire   + . .        O - +8 great sword "Ziafep" {protect, *Rage *Slow rElec rPois}
rCold   . . .        (shield currently unavailable)
rNeg    . . .        f - +1 scale mail "Orahogha" {rF+ Will+}
rPois   +            s - +2 hat
rElec   +            (no cloak)
rCorr   .            v - +2 pair of gloves {Str+3}
SInv    +            L - +1 pair of boots
Will    +....        y - amulet of the acrobat
Stlth   +            B - ring of see invisible
HPRegen 0.35/turn    (no ring)
MPRegen 0.15/turn

%: random rage (20%), slow self (1%), acrobat
@: hasted, very quick
A: no striking features
a: Renounce Religion, Draw Escape, Draw Destruction, Draw Summoning, Triple
Draw, Deal Four


You were on level 10 of the Dungeon.
You worshipped Nemelex Xobeh.
Nemelex Xobeh was greatly pleased with you.
You visited 3 branches of the dungeon, and saw 13 of its levels.
You also visited: Bailey.

You collected 1477 gold pieces.
You spent 1095 gold pieces at shops.

Inventory:

Hand Weapons
 a - a +1 orcbow of flaming
 b - a +2 hand axe of venom
 l - a +0 sling
 n - a +0 rapier
 p - a +3 scimitar of flaming
 A - a +4 broad axe
 G - a +0 shortbow of draining
 O - the +8 great sword "Ziafep" (weapon) {protect, *Rage *Slow rElec rPois}
   (You bought it in a shop on level 5 of the Dungeon)

   rElec:     It insulates you from electricity.
   rPois:     It protects you from poison *Rage: It berserks you when you make
   melee attacks (+20% chance).
   *Slow:     It may slow you when you take damage.
Missiles
 c - 16 poisoned darts (quivered)
 d - 29 boomerangs
 t - 5 javelins
Armour
 f - the +1 scale mail "Orahogha" (worn) {rF+ Will+}
   (You bought it in a shop on level 4 of the Dungeon)

   rF+:       It protects you from fire.
   Will+:     It increases your willpower.
 o - a +2 leather armour of poison resistance
 s - a +2 hat (worn)
 v - a +2 pair of gloves of strength (worn)
 C - a +0 ring mail
 K - +0 acid dragon scales
 L - a +1 pair of boots (worn)
Magical Staves
 M - a staff of poison
Jewellery
 w - a ring of protection from cold
 y - an amulet of the acrobat (around neck)
 B - a ring of see invisible (left hand)
 F - an amulet of regeneration
Wands
 E - a wand of paralysis (3)
 P - a wand of iceblast (7)
Scrolls
 h - a scroll of revelation
 i - 2 scrolls of amnesia
 j - 2 scrolls of teleportation
 m - a scroll of vulnerability
 u - a scroll of identify
 I - 2 scrolls of fear
Potions
 g - 3 potions of brilliance
 k - 3 potions of attraction
 q - 2 potions of curing
 r - 3 potions of heal wounds
 x - 2 potions of magic
 z - a potion of mutation
 D - 2 potions of cancellation
 J - 2 potions of might
Miscellaneous
 N - a phantom mirror


   Skills:
 + Level 9.3 Fighting
 + Level 3.0 Long Blades
 * Level 13.1 Ranged Weapons
 + Level 6.0 Armour
 - Level 4.0 Dodging
 - Level 1.0 Stealth
 - Level 3.0 Spellcasting
 - Level 4.0 Transmutations
 - Level 5.0 Invocations
 - Level 3.0 Evocations


You had 15 spell levels left.
You knew the following spells:

 Your Spells              Type           Power      Damage    Failure   Level
a - Wereblood             Tmut           9%         N/A       28%         2

Your spell library contained the following spells:

 Spells                   Type           Power      Damage    Failure   Level
 Freeze                   Ice            4%         1d3       67%         1
 Sublimation of Blood     Necr           1%         N/A       82%         2
 Frozen Ramparts          Ice            2%         1d1       96%         3
 Gell's Gravitas          Tloc           1%         N/A       96%         3
 Hailstorm                Conj/Ice       1%         3d5       96%         3
 Teleport Other           Tloc           1%         N/A       96%         3
 Petrify                  Tmut/Erth      5%         N/A       99%         4
 Irradiate                Conj/Tmut      2%         3d12      100%        5
 Dispersal                Tloc           0%         N/A       100%        6


Dungeon Overview and Level Annotations

Branches:
Dungeon (11/15)            Temple (1/1) D:4             Orc (1/2) D:10
 Bailey (visited)
   Lair: D:8-11

Altars:
Ashenzari
Cheibriados
Dithmenos
Elyvilon
Fedhas
Gozag
Hepliaklqana
Kikubaaqudgha
Makhleb
Nemelex Xobeh
Okawaru
Qazlal
Ru
Sif Muna
Trog
Uskayaw
Vehumet
Wu Jian
Xom
Yredelemnul
Zin
The Shining One

Shops:
D:4 ?(:[(   D:5 (   D:10 (

Annotations:
D:9 1 exclusion
D:10 exclusion: obsidian statue
D:11 Amaemon


Message History

You slice the orc!!
You kill the orc!
Unknown command.
You start resting.
You feel yourself speed up.
You start resting.
You recover from your berserk rage.
You start resting.
HP restored.
Okay, then.
Okay, then.
Unknown command.
Okay, then.
Unknown command.
You climb downwards.
Welcome back to the Orcish Mines!
You feel an oppressive heat about you.
There is an entrance to a volcano on this level.
Hurry and find it before the entrance collapses!
You hear the slow rumble of a very distant avalanche of rocks.
The orc priest miscasts a cantrip.
The ettin hits you with a +0 dire flail!!!
The ettin barely misses you.
You hear a shout!
There is a staircase back to the Dungeon, spattered with blood here.
The orc priest calls down the wrath of Beogh upon you.
Beogh smites you!
The ettin hits you with a +0 dire flail!!
* * * LOW HITPOINT WARNING * * *
The ettin barely misses you.
You climb upwards.
Welcome back to the Dungeon!
Level annotation: exclusion: obsidian statue
There is a staircase to the Orcish Mines here.
As you read the scroll of fear, it crumbles to dust.
You assume a fearsome visage.
The ettin resists with some effort.
The ettin hits you with a +0 dire flail!
* * * LOW HITPOINT WARNING * * *
The ettin closely misses you.
You feel yourself speed up.
The ettin hits you with a +0 dire flail!
You die...
Your body glows slightly and disappears.

#...#.# #.# #.### #.##.# #..##.#
#.# #.# #.##.# ############ #.#
#.##.# .........# #.# ##..#.#
.........### ######.# ###.....#
...........###8...#.# ##...♣P..#
...8...8...##8......###........#
...........#8.)[[[#.......♣....#
....._).[)[)))))@[###......♣...#
...........#8).C))# #.###......#
...8...8...##8....# #.# ##..#..#
...........###8...###.# ####..#
.........### ####.....# #..#
.........# #####.# #.##
########## #.# #####.# #.#
###########.###...#.# #.#
####........##.)∩..#...#


You could see an ettin.

Vanquished Creatures
  An orc warlord (Bailey)
  A two-headed ogre (D:10)
  A deep troll (D:9)
  An ugly thing (D:9)
  An unseen horror (D:10)
  A kobold demonologist (D:10)
  An efreet (D:9)
  A komodo dragon (D:10)
  6 trolls (D:9)
  5 dream sheep (D:8)
  A wyvern (D:6)
  3 slime creatures (D:10)
  14 yaks
  2 wraiths
  A vampire mosquito (D:9)
  A steam dragon (D:8)
  3 acid dragons
  A water moccasin (D:8)
  2 black bears
  11 orc warriors
  A sky beast (D:8)
  An ice beast (D:7)
  2 ogres
  3 centaurs
  A phantom (D:6)
  A kobold brigand (D:9)
  2 bullfrogs (D:8)
  A gnoll sergeant (D:9)
  A scorpion (D:5)
  2 wights (D:7)
  6 killer bees (D:10)
  5 howler monkeys
  4 hounds
  3 sleepcaps
  A gnoll bouda (D:8)
  7 orc priests
  2 jellies (D:5)
  4 iguanas
  10 orc wizards
  7 gnolls
  8 adders
  2 ufetubi (D:5)
  A worm (D:2)
  A dart slug (D:2)
  41 orcs
  11 ball pythons
  7 endoplasms
  2 giant cockroaches
  10 hobgoblins
  4 jackals (D:2)
  7 quokkas
  2 bats (D:1)
  2 frilled lizards (D:1)
  13 goblins
  21 kobolds
  4 rats
258 creatures vanquished.

Vanquished Creatures (collateral kills)
  2 wights (D:7)
2 creatures vanquished.

Grand Total: 260 creatures vanquished

Notes
Turn   | Place    | Note
-------+----------+-------------------------------------------
     0 | D:1      | Lobster4 the Human Hunter began the quest for the Orb.
     0 | D:1      | Reached XP level 1. HP: 16/16 MP: 1/1
   129 | D:1      | Reached XP level 2. HP: 22/22 MP: 2/2
   597 | D:2      | Reached XP level 3. HP: 28/28 MP: 3/3
   681 | D:2      | Reached skill level 1 in Armour
   910 | D:2      | Reached XP level 4. HP: 31/34 MP: 4/4
  1681 | D:3      | Reached skill level 5 in Ranged Weapons
  1849 | D:3      | Reached XP level 5. HP: 40/40 MP: 5/5
  1918 | D:3      | Learned a level 2 spell: Wereblood
  2215 | D:4      | Found Hyxofor's Book Shop.
  2418 | D:4      | Found Rino's Antique Armour Boutique.
  2430 | D:4      | Bought a pair of runed gloves for 142 gold pieces
  2467 | D:4      | Reached skill level 1 in Transmutations
  2547 | D:4      | Reached XP level 6. HP: 47/47 MP: 7/7
  2548 | D:4      | Noticed an ogre
  2613 | D:4      | Found Vuoriov's Weapon Emporium.
  2748 | D:4      | Found Porouryno's Antique Weapon Shoppe.
  2779 | D:4      | Noticed a black bear
  2869 | D:4      | Killed an ogre
  2870 | D:4      | Reached skill level 1 in Spellcasting
  3008 | D:4      | Killed a black bear
  3009 | D:4      | Reached skill level 6 in Ranged Weapons
  3009 | D:4      | Reached XP level 7. HP: 37/53 MP: 7/9
  3102 | D:4      | Found a staircase to the Ecumenical Temple.
  3112 | Temple   | Entered the Ecumenical Temple
  3121 | Temple   | Became a worshipper of Nemelex Xobeh the Trickster
  3137 | D:4      | Found Qaefio's Magic Scroll Shop.
  3196 | D:5      | Entered Level 5 of the Dungeon
  3504 | D:5      | Reached skill level 1 in Invocations
  3949 | D:5      | Reached XP level 8. HP: 60/60 MP: 11/11
  4045 | D:5      | Found Yseot's Antique Weapon Shop.
  4058 | D:5      | Bought a glowing orcbow for 156 gold pieces
  4326 | D:6      | Reached * piety under Nemelex Xobeh
  4565 | D:6      | Found a radiant altar of Vehumet.
  4591 | D:6      | Reached skill level 7 in Ranged Weapons
  4812 | D:6      | Received a gift from Nemelex Xobeh
  5071 | D:7      | Noticed a wraith
  5102 | D:7      | Noticed a wyvern
  5116 | D:6      | Killed a wyvern
  5532 | D:7      | Reached skill level 5 in Fighting
  5622 | D:7      | Reached ** piety under Nemelex Xobeh
  5689 | D:7      | Reached XP level 9. HP: 46/68 MP: 12/12
  5874 | D:7      | Reached skill level 8 in Ranged Weapons
  6825 | D:8      | Reached XP level 10. HP: 71/76 MP: 14/14
  6942 | D:8      | Reached skill level 9 in Ranged Weapons
  6942 | D:8      | Reached skill level 1 in Evocations
  7352 | D:8      | Reached skill level 5 in Invocations
  8048 | D:8      | Reached skill level 10 in Ranged Weapons
  8349 | D:9      | Found a flagged portal.
  8378 | Bailey   | Entered a bailey
  8400 | Bailey   | Noticed an orc warlord
  8585 | Bailey   | Found a runed translucent gate.
  8601 | Bailey   | Found a runed translucent gate.
  8603 | Bailey   | Found a runed translucent gate.
  8985 | Bailey   | Killed an orc warlord
  8986 | Bailey   | Reached skill level 11 in Ranged Weapons
  8986 | Bailey   | Reached XP level 11. HP: 21/84 MP: 15/15
  9799 | D:9      | Acquired 601 gold pieces
  9809 | D:9      | Reached *** piety under Nemelex Xobeh
  9835 | D:9      | Noticed a deep troll
  9860 | D:9      | Killed a deep troll
  9896 | D:9      | Reached skill level 5 in Armour
 10180 | D:4      | Bought a pair of embroidered boots for 142 gold pieces
 10186 | D:4      | Bought a smoking scale mail for 171 gold pieces
 10186 | D:4      | Identified the +1 scale mail "Orahogha" {rF+ Will+} (You
                  | bought it in a shop on level 4 of the Dungeon)
 10286 | D:5      | Bought a scorched great sword for 276 gold pieces
 10286 | D:5      | Identified the +8 great sword "Ziafep" {protect, *Rage
                  | *Slow rElec rPois} (You bought it in a shop on level 5 of
                  | the Dungeon)
 10354 | D:4      | Bought a runed orcbow for 208 gold pieces
 10547 | D:9      | Reached skill level 12 in Ranged Weapons
 10728 | D:9      | Noticed a cyan ugly thing
 10844 | D:9      | Killed a cyan ugly thing
 10845 | D:9      | Reached skill level 1 in Long Blades
 11619 | D:10     | Entered Level 10 of the Dungeon
 11784 | D:10     | Found Letaecasuu's Antique Weapon Emporium.
 11794 | D:10     | Found a glowing golden altar of the Shining One.
 11796 | D:10     | Found a shimmering blue altar of Sif Muna.
 11989 | D:10     | Found a staircase to the Orcish Mines.
 12004 | D:10     | Received a gift from Nemelex Xobeh
 12574 | D:10     | Reached XP level 12. HP: 94/94 MP: 16/16
 12669 | D:10     | Noticed a sixfirhy
 12818 | D:10     | Noticed a two-headed ogre
 12836 | D:10     | Killed a two-headed ogre
 13021 | D:10     | Reached skill level 13 in Ranged Weapons
 13202 | D:10     | Found an iron altar of Okawaru.
 13205 | D:10     | Found a shadowy altar of Dithmenos.
 13477 | D:11     | Noticed Amaemon
 13500 | D:11     | Received a gift from Nemelex Xobeh
 13831 | Orc:1    | Entered Level 1 of the Orcish Mines
 13831 | Orc:1    | Reached **** piety under Nemelex Xobeh
 13910 | Orc:1    | Noticed an ettin
 13981 | D:10     | Slain by an ettin

Illustrated notes

Levels and vault maps discovered:
D:1:      dpeg_arrival_short_road, layout_rooms
D:2:      layout_basic
D:3:      layout_rooms, kennysheep_potato
D:4:      layout_rooms, temple_green, serial_corexii_hall,
          corexii_hall_statues_i, corexii_hall_statues_t, serial_shops,
          nicolae_shop_overgrown_old_shop, nicolae_lakefront_shop,
          nicolae_shop_rolling_square, nicolae_shop_trees, kennysheep_mini
D:5:      layout_cave_pods, serial_shops, shop, kennysheep_generic_room_4
D:6:      layout_cave_pools, vehumet_crystals
D:7:      layout_basic, st_stairs_8, hellmonk_no_cap
D:8:      layout_loops_ring, serial_rivers, chequers_serial_rivers_large_b,
          chequers_serial_rivers_small_a, chequers_serial_rivers_small_b,
          chequers_serial_rivers_large_a, chequers_serial_rivers_room_a,
          chequers_serial_rivers_micro_c, dreamdust_gnoll_shepherd
D:9:      lemuel_troll_bridge, layout_basic, enter_bailey_5, wad_mini_maze
D:10:     layout_loops_ring, nicolae_overflow_macrodata_refinement,
          minmay_orc_entry_temple_large, serial_shops, shop, serial_park_tiny_2,
          minivault_16
D:11:     layout_basic, erik_lair_dragon, bh_walls_and_bars, uniq_urug,
          uniq_amaemon
Temple:   sentei_temple_godly_chess
Orc:1:    layout_caves, nicolae_volcano_entry_lava_flow, serial_shops,
          shop_statue

Skill      XL: |  1  2  3  4  5  6  7  8  9 10 11 12 |
---------------+-------------------------------------+-----
Armour         | 1 2 3 4 5 6 |  6.0
Ranged Weapons | 5 6 7 8 11 12 13 | 13.1
Fighting       | 3 4 5 7 8 9 |  9.3
Transmutations | 1 2 3 4 |  4.0
Spellcasting   | 1 2 3 |  3.0
Invocations    | 1 3 4 5 |  5.0
Dodging        | 3 4 |  4.0
Evocations     | 3 |  3.0
Long Blades    | 2 3 |  3.0
Stealth        | |  1.0

Action                     |  1- 3 |  4- 6 |  7- 9 | 10-12 || total
---------------------------+-------+-------+-------+-------++-------
  Melee: Hand axe          |       |       |    22 |    16 ||    38
         Punch             |       |       |     1 |       ||     1
         Rapier            |       |       |       |    14 ||    14
         Great sword       |       |       |       |    13 ||    13
   Fire: Shortbow          |   100 |   186 |    75 |       ||   361
         Orcbow            |       |       |   127 |   473 ||   600
  Throw: Dart              |       |     4 |    12 |    34 ||    50
         Throwing net      |       |     1 |       |     3 ||     4
   Cast: Wereblood         |       |       |       |     1 ||     1
 Invoke: Draw Destruction  |       |       |     4 |     6 ||    10
         Draw Summoning    |       |       |     2 |       ||     2
         Draw Escape       |       |       |       |     1 ||     1
  Evoke: Wand              |       |       |       |    11 ||    11
    Use: Potion            |     1 |       |       |     3 ||     4
         Scroll            |       |     2 |    14 |    17 ||    33
   Stab: Paralysed         |       |       |       |    14 ||    14
 Armour: Leather armour    |    26 |    76 |    88 |    65 ||   255
         Scale mail        |       |       |       |   149 ||   149
         Ring mail         |       |       |       |    31 ||    31
  Dodge: Dodged            |    37 |    90 |    98 |   204 ||   429

Table legend: (Time is in decaauts)
 A = Elapsed time spent in this place.
 B = Non-inter-level travel time spent in this place.
 C = Inter-level travel time spent in this place.
 D = Time resting spent in this place.
 E = Time spent auto-exploring this place.
 F = Levels seen in this place.
 G = Mean time per level.
                   A        B        C        D        E       F      G
               +--------+--------+--------+--------+--------+-----+--------+
         Total |  14153 |  13075 |   1078 |   2789 |   7423 |  14 | 1010.9 |
       Dungeon |  13223 |  12153 |   1070 |   2644 |   7097 |  11 | 1202.1 |
        Temple |     18 |     10 |      8 |      0 |      0 |   1 |   18.0 |
  Orcish Mines |     18 |     18 |      0 |      0 |      0 |   1 |   18.0 |
        Bailey |    891 |    891 |      0 |    145 |    326 |   1 |  891.0 |
               +--------+--------+--------+--------+--------+-----+--------+

Top non-repeatable levels by time:
    D:10: 2214 daAuts
     D:9: 2072 daAuts
     D:8: 1982 daAuts
     D:5: 1287 daAuts
     D:7: 1098 daAuts
     D:2: 1074 daAuts
     D:6: 1068 daAuts
     D:4: 1015 daAuts
  Bailey: 891 daAuts
     D:3: 681 daAuts
     D:1: 565 daAuts
    D:11: 164 daAuts
   Orc:1: 18 daAuts
  Temple: 18 daAuts
